[Event "*** SCC Grand Prix: Titled Tuesday Blitz"]
[Site "Chess.com"]
[Date "2020.07.07"]
[Round "10"]
[White "ichangedmyname_yup"]
[Black "annamaja"]
[Result "0-1"]
[WhiteElo "2386"]
[BlackElo "2283"]
[TimeControl "180+1"]
[EndTime "11:58:30 PDT"]
[Termination "annamaja won by checkmate"]

1. e4 e6 2. d4 d5 3. Nc3 Nf6 4.
e5 Nfd7 5. Nf3 c5 6. dxc5 Bxc5 7.
Bd3 Nc6 8. Bf4 Qb6 9. O-O Qxb2 10. Nb5 Bb6 11. Rb1 Qxa2 12. Nd6+ Ke7 13. c4 d4 14.
Qc1 Nc5 15. Bg5+ f6 16. Qf4 Nxd3 17. exf6+ Kd7 18. fxg7 Nxf4 19. gxh8=Q Ne2+ 20. Kh1 Kxd6 21. Qf8+ Kc7 22. Qf7+ Bd7 23. Qxh7 Rf8 24. Qd3 Nf4 25. Qe4 Nh5 26. Ne5 Rf5 27. Nxc6 Bxc6 28. Qg4 Ng7 29. Bh4 Rf7 30. Qg3+ Kc8 31. Bg5 Nf5 32. Qg4 Bc7 33. Qh5 Rg7 34. Qh8+ Kd7 35. Qh5 Rg8 36. Qg4 Rh8 37. Qh3 Rxh3 38. Bf4 Qe2 39. Bg3 Nxg3+ 40. Kg1 Nxf1 41. Rxf1 Rh5 42. h3 d3 43. g4 Qxf1+ 44. Kxf1 Rxh3 45. Kg1 Rh1# 0-1

[Event "*** SCC Grand Prix: Titled Tuesday Blitz"]
[Site "Chess.com"]
[Date "2020.07.07"]
[Round "10"]
[White "AttilaTurzo"]
[Black "ZverevLev"]
[Result "1-0"]
[WhiteElo "2514"]
[BlackElo "2367"]
[TimeControl "180+1"]
[EndTime "11:58:31 PDT"]
[Termination "AttilaTurzo won by resignation"]

1. e4 e5 2. Nf3 Nc6 3. Bb5 a6 4. Ba4 Nf6 5. O-O Be7 6. Re1 b5 7. Bb3 d6 8. c3 O-O 9. h3 Na5 10. Bc2 c5 11. d4 cxd4 12. cxd4 Bb7 13. d5 Nc4 14. b3 Nb6 15. a4 bxa4 16. bxa4 a5 17.
Bd3 Rc8 18. Na3 Nfd7 19. Bd2 Nc5 20. Bxa5 Ra8 21. Nc4 Nxc4 22. Bxd8 Nb2 23. Qc2 Bxd8 24. Bb5 Ba5 25. Reb1 Rfc8 26. Rxb2 Na6 27. Bc6 Bxc6 28. dxc6 Nb4 29. Rxb4 Bxb4 30. c7 Bc5 31. Qb3 Rxc7 32. a5 h6 33. a6 Rca7 34. Qb5 Kh7 35. Nd2 Rc7 36. Nc4 Bd4 37. Ra2 Rc5 38. Qb7 Rcc8 39.
Nxd6 Rcb8 40. Qxf7 Rf8 41. Qd5 Rad8 42. a7 Ra8 43. Nb5 Bb6 44. Qc6 Bd4 45. Nxd4 exd4 46. Qd5 Rfd8 47. Qxd8 Rxd8 48. a8=Q Rd7 49. Qa4 d3 50.
Rd2 1-0

[Event "*** SCC Grand Prix: Titled Tuesday Blitz"]
[Site "Chess.com"]
[Date "2020.07.07"]
[Round "10"]
[White "JiiHart"]
[Black "queen_iryna"]
[Result "0-1"]
[WhiteElo "2111"]
[BlackElo "2238"]
[TimeControl "180+1"]
[EndTime "11:58:31 PDT"]
[Termination "queen_iryna won on time"]

1. e4 d6 2. d4 Nf6 3. Nc3 e5 4. dxe5 dxe5 5. Qxd8+ Kxd8 6. Bc4 Ke8 7. Bg5 Bb4 8. Bxf6 gxf6 9. Ne2 c6 10. O-O Be6 11.
Bxe6 fxe6 12. f4 exf4 13. Rxf4 Nd7 14. Raf1 Ke7 15. a3 Bc5+ 16. Kh1 Rhg8 17. b4 Bb6 18.
Nd1 a5 19. bxa5 Rxa5 20. R4f3 Rg6 21. Nf2 Ne5 22. Rh3 Rg7 23. Nf4 Rb5 24. Nh5 Rg8 25.
Rb3 Rxb3 26. cxb3 Rd8 27. Nh3 Ng4 28. N3f4 Nf2+ 29. Kg1 Nxe4+ 30. Kh1 e5 31. Ne2 Rd2 32. Nhg3 Nxg3+ 33. Nxg3 Rd3 34. Nf5+ Kd7 35. g4 Rxb3 36. Ng3 Ke6 37. Rd1 Rxa3 38. Nf5 Bd4 39. Rb1 b5 40. h4 Kd5 41. Rf1 Ra1 42. Kg2 Rxf1 43. Kxf1 b4 44. Ke2 b3 45. Kd3 b2 46. Kc2 c5 47. g5 fxg5 48.
hxg5 e4 49. Ne7+ Ke6 0-1

[Event "*** SCC Grand Prix: Titled Tuesday Blitz"]
[Site "Chess.com"]
[Date "2020.07.07"]
[Round "10"]
[White "TheBigBoss04"]
[Black "VincentKeymer"]
[Result "1-0"]
[WhiteElo "2778"]
[BlackElo "2881"]
[TimeControl "180+1"]
[EndTime "11:58:32 PDT"]
[Termination "TheBigBoss04 won on time"]

1. d4 Nf6 2. c4 e6 3. Nc3 Bb4 4. e3 O-O 5. Bd2 b6 6. Nf3 Bb7 7. Rc1 d6 8. a3 Bxc3 9. Bxc3 Ne4 10. Be2 Nd7 11. O-O f5 12. d5 e5 13. Nd2 Nxc3 14.
Rxc3 Bc8 15. b4 f4 16. e4 Qe8 17. Bg4 Nf6 18. Bxc8 Rxc8 19. c5 Qb5 20. Qc2 Rcd8 21. Rb1 g5 22. cxd6 cxd6 23. Rc7 g4 24. Qc4 Qe8 25. Qd3 Kh8 26. Rbc1 f3 27. g3 Rf7 28. R1c6 Rxc7 29. Rxc7 Qh5 30. Qc4 Qh3 31. Qf1 Qh6 32.
Qd3 a5 33. b5 Nd7 34. h4 Nc5 35. Qe3 Qg6 36. Rc6 Rb8 37. Kh2 h6 38. Rc7 Qf6 39. Nc4 Qg6 40. Rc6 Nxe4 41. Nxb6 Nc5 42. Qxc5 Qb1 43. Rc8+ 1-0

[Event "*** SCC Grand Prix: Titled Tuesday Blitz"]
[Site "Chess.com"]
[Date "2020.07.07"]
[Round "10"]
[White "ShimanovAlex"]
[Black "praveenb2002"]
[Result "0-1"]
[WhiteElo "2877"]
[BlackElo "2732"]
[TimeControl "180+1"]
[EndTime "11:58:32 PDT"]
[Termination "praveenb2002 won on time"]

1. e4 c6 2. Nf3 d5 3. d3 dxe4 4. dxe4 Qxd1+ 5. Kxd1 Bg4 6. Be2 Nd7 7. Ne1 Bxe2+ 8.
Kxe2 Ngf6 9. f3 g6 10. Nd3 Bg7 11. a4 O-O 12. Be3 Rfd8 13. Nd2 Ne8 14. Rhd1 Nd6 15. a5 c5 16. c3 Rac8 17. Bf4 c4 18.
Nb4 Nb5 19. Nd5 Kf8 20. Bg5 Re8 21. Ne3 Ne5 22. Ra4 Nd6 23. Rb1 b5 24. axb6 axb6 25. Bf4 b5 26. Ra6 Ra8 27. Rba1 Rxa6 28. Rxa6 Rb8 29.
Nd5 Ke8 30. Nb4 Rc8 31. g3 Kd7 32. Bxe5 Bxe5 33. f4 Bg7 34. e5 Nb7 35. Ne4 e6 36. Ra7 Rc7 37. Na6 Bf8 38. Nxc7 Kxc7 0-1

[Event "*** SCC Grand Prix: Titled Tuesday Blitz"]
[Site "Chess.com"]
[Date "2020.07.07"]
[Round "10"]
[White "YPradafah"]
[Black "DenisQ"]
[Result "1-0"]
[WhiteElo "2556"]
[BlackElo "2649"]
[TimeControl "180+1"]
[EndTime "11:58:32 PDT"]
[Termination "YPradafah won on time"]

1. d4 Nf6 2. Nf3 d5 3. Bf4 c5 4.
e3 Nc6 5. c3 Bg4 6. Nbd2 cxd4 7. exd4 e6 8. Be2 Bd6 9. Ne5 Bxe2 10. Qxe2 O-O 11. O-O Qc7 12. h3 Nd7 13. Rfe1 Ndxe5 14. dxe5 Be7 15. Nf3 Rab8 16. Qd3 h6 17. Qd2 Kh7 18.
Qd3+ Kh8 19. Nd4 Nxd4 20. cxd4 Rfc8 21. Re2 Qc4 22. Qe3 Kg8 23. Rd1 Rc6 24. Red2 Rbc8 25. Qg3 Kf8 26. Rd3 Qxa2 27. Rf3 Qa4 28. Rdd3 Rc2 29.
Bxh6 gxh6 30. Qg6 Ke8 31. Rxf7 Kd7 32. Rxe7+ Kxe7 33. Qg7+ Kd8 34. Rf3 Qd7 35. Rf7 Qxf7 36. Qxf7 R8c6 37. g4 Rxb2 38. h4 Rc1+ 39. Kg2 Rcc2 40.
Qf8+ Kc7 41. Qe7+ Kc8 42. Qxe6+ Kc7 43. Qf7+ Kc6 44. g5 hxg5 45. h5 1-0

[Event "*** SCC Grand Prix: Titled Tuesday Blitz"]
[Site "Chess.com"]
[Date "2020.07.07"]
[Round "10"]
[White "politeplayer"]
[Black "Alexsur1981"]
[Result "0-1"]
[WhiteElo "2246"]
[BlackElo "2539"]
[TimeControl "180+1"]
[EndTime "11:58:32 PDT"]
[Termination "Alexsur1981 won on time"]

1. e4 c5 2. d4 cxd4 3. c3 dxc3 4. Nxc3 Nc6 5. Bc4 e6 6. Nf3 d6 7. O-O a6 8. b4 b5 9. Bb3 Nxb4 10. Nd4 Bd7 11. f4 Be7 12. Qg4 Bf6 13. e5 dxe5 14. fxe5 Bxe5 15. Ba3 Nc6 16. Nxe6 Bxe6 17. Bxe6 Qd4+ 18.
Kh1 Qxg4 19. Bxg4 Bxc3 20. Bf3 Rc8 21. Rac1 b4 22. Bxc6+ Rxc6 23. Bxb4 Rf6 24. Bxc3 Rxf1+ 25. Rxf1 f6 26. Re1+ Kf7 27. Bb4 Nh6 28. Rd1 Re8 29. h3 Re6 30. Rd7+ Kg6 31. Kh2 Nf5 32. Rd3 Re4 33.
a3 Re3 34. Rd5 Re2 35. Ra5 Ne3 36. Rxa6 Rxg2+ 37. Kh1 Ra2 38. a4 Nf5 39. a5 Nd4 40. Rb6 Kg5 41. a6 g6 0-1

[Event "*** SCC Grand Prix: Titled Tuesday Blitz"]
[Site "Chess.com"]
[Date "2020.07.07"]
[Round "10"]
[White "Margarita2907"]
[Black "AlanTate"]
[Result "1-0"]
[WhiteElo "2104"]
[BlackElo "2127"]
[TimeControl "180+1"]
[EndTime "11:58:32 PDT"]
[Termination "Margarita2907 won on time"]

1. e4 g6 2. d4 Bg7 3. Nf3 d6 4.
c3 Nf6 5. Bd3 O-O 6. O-O c5 7.
Nbd2 Qc7 8. a4 cxd4 9. cxd4 Nc6 10.
Re1 Nb4 11. Bb1 Be6 12. d5 Bd7 13. Nb3 Rfc8 14. Nbd4 Ng4 15. Bd2 a5 16. Bc3 Qb6 17.
h3 Ne5 18. Nxe5 Bxe5 19. Ne2 Bxc3 20. Nxc3 Rc4 21. Qe2 Rac8 22. e5 Rf4 23. e6 fxe6 24.
dxe6 Bc6 25. Be4 Bxe4 26. Nxe4 Rc2 27. Qe3 Qxe3 28. Rxe3 d5 29. Nd6 Rfxf2 30. Nxb7 Rxg2+ 31. Kh1 Rh2+ 32. Kg1 d4 33. Rg3 Nd5 34. Nxa5 Ne3 35. Re1 Rxb2 36. Rc1 Nf5 37. Rg4 Rxh3 38. Nc4 1-0

[Event "*** SCC Grand Prix: Titled Tuesday Blitz"]
[Site "Chess.com"]
[Date "2020.07.07"]
[Round "10"]
[White "AldokhinIvan"]
[Black "AlexOstrovskiy"]
[Result "1-0"]
[WhiteElo "2548"]
[BlackElo "2640"]
[TimeControl "180+1"]
[EndTime "11:58:34 PDT"]
[Termination "AldokhinIvan won by resignation"]

1. e4 c6 2. Nc3 d5 3. Nf3 Bg4 4. Be2 dxe4 5. Nxe4 Nf6 6. Neg5 Nbd7 7. Nxf7 Kxf7 8.
Ng5+ Ke8 9. Bxg4 Nxg4 10. Qxg4 Nf6 11. Qh3 Qd7 12. Ne6 Kf7 13. Ng5+ Ke8 14. Qb3 e5 15. O-O h6 16. Nf3 Bd6 17. d4 e4 18. Ne5 Qc7 19. Bf4 Nd5 20. Bg3 Bxe5 21. Bxe5 Qd7 22. Rae1 Kf7 23. Rxe4 Rhf8 24. c4 Nb6 25. Qg3 Kg8 26.
Rg4 Rf7 27. b3 Re8 28. f4 Qe7 29. f5 Nd7 30. Re4 Qf8 31. Ree1 Nf6 32. Bd6 Rxe1 33.
Bxf8 Rxf1+ 34. Kxf1 Rxf8 35. Kg1 Rf7 36. Qe5 Ng4 37. Qe8+ Rf8 38. Qe6+ Kh8 39. h3 Nf6 40. g4 Re8 41. Qf7 Re1+ 42. Kf2 Ra1 43. Kf3 Rxa2 44. h4 Rb2 45. g5 hxg5 46. hxg5 Rxb3+ 47. Kf4 Nh7 48. Qe8+ 1-0

[Event "*** SCC Grand Prix: Titled Tuesday Blitz"]
[Site "Chess.com"]
[Date "2020.07.07"]
[Round "10"]
[White "Maaikee"]
[Black "CroissantNeuf"]
[Result "1-0"]
[WhiteElo "2305"]
[BlackElo "2396"]
[TimeControl "180+1"]
[EndTime "11:58:34 PDT"]
[Termination "Maaikee won by checkmate"]

1. e4 c6 2. Nf3 d5 3. Nc3 dxe4 4.
Nxe4 Nf6 5. Nxf6+ exf6 6. Bc4 Bd6 7. O-O O-O 8. h3 Re8 9. d4 Nd7 10. c3 Nf8 11. Qc2 Ng6 12. Bd2 Be6 13. Bxe6 Rxe6 14. Rfe1 Bc7 15. Rxe6 fxe6 16. Re1 Qd5 17. c4 Qd6 18. a3 Rd8 19. Bb4 Qd7 20. Qe4 Kf7 21.
Bc3 b5 22. b3 Re8 23. Rc1 Bf4 24. Rd1 Bb8 25. g3 h6 26. Kg2 Ne7 27. Re1 Nf5 28. g4 Nd6 29. Qe2 bxc4 30. bxc4 Qb7 31. Nh4 c5+ 32.
f3 cxd4 33. Bxd4 e5 34. Bc3 Qb3 35. Qd3 Qxc4 36. Qg6+ Kf8 37. Bb4 Rd8 38. Nf5 Qc2+ 39. Kg3 Qd3 40. Qxg7+ Ke8 41. Qe7# 1-0

[Event "*** SCC Grand Prix: Titled Tuesday Blitz"]
[Site "Chess.com"]
[Date "2020.07.07"]
[Round "10"]
[White "Nemsko"]
[Black "isainz"]
[Result "1/2-1/2"]
[WhiteElo "2283"]
[BlackElo "2157"]
[TimeControl "180+1"]
[EndTime "11:58:34 PDT"]
[Termination "Game drawn by repetition"]

1. e4 c5 2. Nf3 Nc6 3. d4 cxd4 4. Nxd4 e5 5. Nb5 d6 6. N1c3 a6 7. Na3 b5 8. Nd5 Nge7 9. c4 Nd4 10. Be3 Nxd5 11. Bxd4 Nf6 12. Be3 Nxe4 13. Qd5 Bf5 14. cxb5 Qa5+ 15. Kd1 Qa4+ 16. Ke1 Qb4+ 17. Bd2 Nxd2 18.
Qxd2 d5 19. bxa6 Qe4+ 20. Kd1 Bxa3 21. Bb5+ Bd7 22. Bxd7+ Kxd7 23. bxa3 Qxg2 24. Ke2 Qe4+ 25. Qe3 Qxe3+ 26. fxe3 Rxa6 27. Rhd1 Ke6 28. Rd3 Rha8 29. Rg1 g6 30. Rgd1 Rxa3 31. Rxd5 Rxa2+ 32. Kf3 Rxh2 33. Rd6+ Kf5 34. e4+ Kg5 35. Rg1+ Kh6 36. Kg3 Rh5 37. Rf1 Ra3+ 38. Kg2 Rg5+ 39. Kh2 f5 40. exf5 Rag3 41. fxg6 Rg2+ 42. Kh1 hxg6 43. Rf8 R2g4 44. Rf2 Rg1+ 45. Kh2 R1g4 46. Kh1 Rg1+ 47. Kh2 R1g4 48. Kh1 1/2-1/2

[Event "*** SCC Grand Prix: Titled Tuesday Blitz"]
[Site "Chess.com"]
[Date "2020.07.07"]
[Round "10"]
[White "Sanan_Sjugirov"]
[Black "SahajGrover"]
[Result "1-0"]
[WhiteElo "2832"]
[BlackElo "2676"]
[TimeControl "180+1"]
[EndTime "11:58:37 PDT"]
[Termination "Sanan_Sjugirov won on time"]

1. d4 d5 2. c4 e6 3. Nf3 Nf6 4.
Nc3 a6 5. cxd5 exd5 6. Bg5 Be6 7. e3 Nbd7 8. Bd3 Bd6 9. O-O c6 10. Bf4 Qc7 11. Bxd6 Qxd6 12. h3 O-O 13. Rc1 g6 14. a3 a5 15. Qc2 Rfe8 16. Na4 Nh5 17. Nc5 Nxc5 18. Qxc5 Qxc5 19. Rxc5 Ng7 20. Rfc1 Bf5 21.
Be2 Be4 22. Nd2 Bf5 23. R5c3 h5 24. Nb3 Re7 25. Nc5 h4 26. Bf1 Ne8 27. b4 Nd6 28.
bxa5 Rxa5 29. Rb3 b5 30. Rbc3 Rea7 31. Nb3 Rxa3 32. Rxc6 Rxb3 33. Rxd6 Ra2 34. Rxd5 Rbb2 35. f3 b4 36. e4 Be6 37. Rd8+ Kg7 38. d5 Rd2 39.
Rb8 Bd7 40. Rxb4 Kf6 41. Rb6+ Ke5 42. Rb7 Ba4 43. Rxf7 Bb5 44. Bxb5 Rxg2+ 45. Kf1 Rh2 46. Ke1 Kd4 47. Bf1 1-0

[Event "*** SCC Grand Prix: Titled Tuesday Blitz"]
[Site "Chess.com"]
[Date "2020.07.07"]
[Round "10"]
[White "GianmarcoVaR"]
[Black "sasko1234"]
[Result "1-0"]
[WhiteElo "2537"]
[BlackElo "2407"]
[TimeControl "180+1"]
[EndTime "11:58:37 PDT"]
[Termination "GianmarcoVaR won on time"]

1. c4 Nf6 2. Nc3 d6 3. g3 c6 4. Bg2 e5 5. Rb1 Be7 6. Nf3 Bg4 7. O-O O-O 8. b4 Nbd7 9. b5 d5 10. bxc6 bxc6 11. cxd5 cxd5 12. d3 d4 13. Na4 Qc7 14. Bg5 Rab8 15. Qd2 h6 16. Bxf6 Nxf6 17. Nb2 Be6 18.
Rfc1 Qd6 19. Nc4 Bxc4 20. Rxb8 Rxb8 21. Rxc4 Nd5 22. Qa5 Rb1+ 23. Bf1 Bf6 24. Qxa7 Nc3 25. Kg2 Qe6 26. Qa8+ Kh7 27. a4 e4 28. dxe4 Qxc4 29.
e5 Be7 30. Nd2 Qe6 31. Nxb1 Nxb1 32. Qe4+ Qg6 33. Qxd4 Na3 34. e3 Nc2 35. Qc4 Ne1+ 36.
Kg1 Nf3+ 37. Kg2 Ne1+ 38. Kg1 Nf3+ 39. Kh1 Ne1 40. f3 Nxf3 41. Bd3 1-0

[Event "*** SCC Grand Prix: Titled Tuesday Blitz"]
[Site "Chess.com"]
[Date "2020.07.07"]
[Round "10"]
[White "tigra"]
[Black "IMHansNiemann"]
[Result "1-0"]
[WhiteElo "2814"]
[BlackElo "2918"]
[TimeControl "180+1"]
[EndTime "11:58:38 PDT"]
[Termination "tigra won on time"]

1. e4 g6 2. d4 Bg7 3. Nf3 d6 4. Be2 Nf6 5. Nc3 O-O 6. O-O Nc6 7. Be3 Bg4 8. Re1 Bxf3 9. Bxf3 e5 10. dxe5 dxe5 11. Bc5 Re8 12. Nd5 b6 13. Be3 Nxd5 14.
exd5 e4 15. dxc6 exf3 16. Qxf3 Bxb2 17. Rad1 Qf6 18. Qd5 Qe6 19. Qd7 Re7 20. Qd5 Qxd5 21. Rxd5 Re6 22. Red1 Kg7 23. c3 Bxc3 24. Rc1 Bf6 25.
g4 h6 26. Rc4 Rd8 27. Rd7 Rxc6 28. Rxf7+ Kxf7 29. Rxc6 Be5 30. h4 h5 31. gxh5 gxh5 32. Kg2 Bd6 33. a4 Ke6 34. Rc4 c5 35. f4 a6 36. Kf3 b5 37. axb5 axb5 38. Rc1 c4 39.
Ke4 Re8 40. Bd4 Kd7+ 41. Kd5 Bxf4 42. Ra1 Rc8 43. Rf1 Rf8 44. Be5 Bh6 45. Ra1 Rf1 46. Ra7+ Ke8 47. Ke6 Rd1 48. Re7+ Kf8 49. Rh7 1-0

[Event "*** SCC Grand Prix: Titled Tuesday Blitz"]
[Site "Chess.com"]
[Date "2020.07.07"]
[Round "10"]
[White "Th3_Hound"]
[Black "MFBerna"]
[Result "1-0"]
[WhiteElo "2524"]
[BlackElo "2387"]
[TimeControl "180+1"]
[EndTime "11:58:38 PDT"]
[Termination "Th3_Hound won by checkmate"]

1. e4 c6 2. d4 d5 3. e5 c5 4.
dxc5 e6 5. Bd3 Bxc5 6. Qg4 Ne7 7. Nf3 Nbc6 8. O-O Ng6 9. h4 Qc7 10. Re1 h5 11. Qg3 Nce7 12. Nc3 Bd7 13. Bg5 O-O-O 14.
a3 Rde8 15. Nb5 Qb6 16. a4 Nf5 17. Bxf5 exf5 18. Be3 f4 19. Bxf4 Nxf4 20. Qxf4 Bxf2+ 21. Kh1 Bxe1 22. Nd6+ Kb8 23. Nxe8 Bxe8 24. e6+ Qc7 25. Qxc7+ Kxc7 26. exf7 Bg3 27. fxe8=Q Rxe8 28. Rd1 Re2 29.
Nd4 Rf2 30. Kg1 Kb6 31. Rd3 Bxh4 32. g3 Bxg3 33. Rxg3 Rf7 34. b4 h4 35. Rg6+ Kc7 36.
Kg2 a6 37. a5 Re7 38. Ne6+ Kd7 39. Nxg7 Re2+ 40. Kf3 Rxc2 41. Rb6 h3 42. Nf5 h2 43. Rh6 Rc3+ 44. Kf4 Rc4+ 45. Ke5 Rxb4 46. Rh7+ Kc6 47. Nd4+ Kc5 48. Rc7# 1-0

[Event "*** SCC Grand Prix: Titled Tuesday Blitz"]
[Site "Chess.com"]
[Date "2020.07.07"]
[Round "10"]
[White "RoelandPruijssers"]
[Black "Alopekos"]
[Result "0-1"]
[WhiteElo "2578"]
[BlackElo "2382"]
[TimeControl "180+1"]
[EndTime "11:58:38 PDT"]
[Termination "Alopekos won on time"]

1. f4 Nf6 2. Nf3 g6 3. g3 Bg7 4. Bg2 O-O 5. O-O c5 6. d3 Nc6 7. e4 d6 8. a4 Bg4 9. Nbd2 Qd7 10. Nc4 Nh5 11. Ne3 Bh3 12. Bxh3 Qxh3 13. f5 h6 14. c3 e6 15. Nh4 exf5 16. exf5 Rae8 17. Ng4 g5 18.
Nf2 Qxf1+ 19. Kxf1 Nf6 20. Ng2 Nd5 21. Qf3 Nf6 22. Bd2 Ne5 23. Qxb7 d5 24. Qc7 Nfd7 25.
Qd6 Rb8 26. Rb1 Rb6 27. Qxd5 Rd8 28. Ne4 Rbb8 29. Be3 Nf8 30. Qa2 Nxd3 31. f6 Bh8 32. Rd1 Ne5 33. Qb1 c4 34. Bxg5 hxg5 35. Nxg5 Nfg6 36.
Rxd8+ Rxd8 37. Qf5 Nd3 38. Nf4 Re8 39. Nxg6 Re1+ 40. Kg2 Re2+ 41. Kh3 Nf2+ 42. Kh4 Bxf6 43. Qc8+ Kg7 0-1

[Event "*** SCC Grand Prix: Titled Tuesday Blitz"]
[Site "Chess.com"]
[Date "2020.07.07"]
[Round "10"]
[White "carlesdc96"]
[Black "vovachesss"]
[Result "0-1"]
[WhiteElo "2704"]
[BlackElo "2594"]
[TimeControl "180+1"]
[EndTime "11:58:39 PDT"]
[Termination "vovachesss won by resignation"]

1. e4 e5 2. Nf3 d5 3. exd5 e4 4. Qe2 Nf6 5. Nc3 Be7 6. Nxe4 O-O 7. Nxf6+ Bxf6 8. Qd1 Qxd5 9. Be2 c5 10. O-O Nc6 11. d3 b6 12. c3 Ba6 13. Qa4 Bb7 14.
Be3 Rad8 15. Rad1 Rd7 16. Qg4 Rfd8 17. a3 h5 18. Qe4 Qb3 19. Qf5 Rd5 20. Qh3 Qxb2 21.
c4 Bc8 22. Qg3 R5d7 23. Rd2 Qxa3 24. Ng5 Nd4 25. Ne4 Be7 26. Bxh5 Nf5 27. Qf4 g6 28. Be2 Bb7 29. g4 Bxe4 30. Qxe4 Nxe3 31. fxe3 Bf8 32. g5 Re7 33. Qf4 Qc3 34. Rdd1 Qe5 35. e4 Bg7 36. h4 Qxf4 37. Rxf4 Be5 38. Rff1 a5 39. Rd2 a4 40. Ra2 Ra8 41. Kg2 Ra5 42. Rb1 a3 43. Rxb6 Rea7 44. Kf3 Bd4 45. Bf1 Ra4 46.
Be2 Rb4 47. Rxb4 cxb4 48. Bd1 Bc3 49. Bb3 Kf8 50. Ke3 Rd7 51. Rf2 Bd4+ 52. Ke2 Bxf2 53.
Kxf2 Rxd3 54. Bc2 Rd2+ 0-1

[Event "*** SCC Grand Prix: Titled Tuesday Blitz"]
[Site "Chess.com"]
[Date "2020.07.07"]
[Round "10"]
[White "stolencandy13"]
[Black "IMRosen"]
[Result "1-0"]
[WhiteElo "2379"]
[BlackElo "2516"]
[TimeControl "180+1"]
[EndTime "11:58:39 PDT"]
[Termination "stolencandy13 won by resignation"]

1. e4 e5 2. Nf3 Nf6 3. Nc3 Nc6 4. d4 exd4 5. Nxd4 Bb4 6. Nxc6 bxc6 7. Bd3 d5 8. exd5 cxd5 9. O-O O-O 10. h3 c6 11.
Qf3 Bd6 12. Bf4 Be6 13. Ne2 c5 14. Rad1 Rb8 15. b3 Re8 16. c4 d4 17. Bb1 a5 18.
Nxd4 cxd4 19. Rxd4 Rb6 20. Rfd1 Qc8 21. Rxd6 Rxd6 22.
Bxd6 Bd7 23. Qd3 Bc6 24. Bg3 Ne4 25. Re1 g6 26. Bf4 Nc5 27. Rxe8+ Qxe8 28. Qe3 Ne6 29. Bh6 Qd7 30. Bc2 f6 31. Bf4 g5 32. Bg3 Nd4 33. Bd3 Nf5 34. Bxf5 Qxf5 35. Kh2 Bd7 36. Qd4 h5 37.
Qd5+ Be6 38. Qxf5 Bxf5 39. Bc7 Bb1 40. a3 Ba2 41. Bxa5 Bxb3 42. c5 Bd5 43. Kg3 Kf7 44. f3 Ke6 45. Kf2 Bc6 46. Ke3 Kd5 47. Bd8 Ke6 48.
g3 g4 49. hxg4 hxg4 50. fxg4 Kf7 51. Kd4 Ke6 52. Kc4 Bd5+ 53. Kb4 Bf3 54. g5 fxg5 55.
Bxg5 Bc6 56. Ka5 Kd7 57. Kb6 Bf3 58. Bf4 Kc8 59. c6 Bg4 60. a4 Be2 61. a5 Kd8 62. a6 Ke7 63. a7 Ke6 64. a8=Q Kd5 65. Qd8+ Kc4 66. c7 Kb3 67. c8=Q Bc4 68. Qd1+ Ka3 69. Qc5+ Kb2 70. Qb4+ 1-0

[Event "*** SCC Grand Prix: Titled Tuesday Blitz"]
[Site "Chess.com"]
[Date "2020.07.07"]
[Round "10"]
[White "2008king"]
[Black "Gandrade2"]
[Result "1-0"]
[WhiteElo "2251"]
[BlackElo "2121"]
[TimeControl "180+1"]
[EndTime "11:58:39 PDT"]
[Termination "2008king won on time"]

1. e4 c5 2. Nf3 g6 3. d4 cxd4 4. Nxd4 Bg7 5. Nc3 Nc6 6. Be3 Nf6 7. Bc4 Qa5 8. O-O O-O 9. Bb3 d6 10. h3 Qh5 11. Nf3 Ne5 12. Nxe5 Qxe5 13. f4 Qh5 14.
Qd3 Bxh3 15. gxh3 Qxh3 16. Bf2 Qh5 17. Nd5 Qg4+ 18. Qg3 Qxg3+ 19. Bxg3 Nxe4 20. Nxe7+ Kh8 21. Bh4 Bxb2 22. Rae1 Nd2 23. Rf2 Bd4 24. Kg2 Nxb3 25. axb3 Kg7 26. Rfe2 Bc3 27. Rd1 Rfe8 28. Rxd6 Bb4 29.
Bf6+ Kf8 30. Rd7 a5 31. Rxb7 Bd6 32. Kf3 a4 33. bxa4 Rxa4 34. Nd5 Rxe2 35. Kxe2 Re4+ 36. Kf3 Re8 37. c4 Rc8 38. Rd7 Bc5 39. Ne7 Bxe7 40. Bxe7+ Ke8 41. Ra7 Rxc4 42. Bf6 Rc6 43. Be5 Rc8 44. Kg4 h5+ 45. Kg5 Kf8 46. Bf6 Ke8 47.
Re7+ Kf8 48. Rb7 Rc5+ 49. Kh6 1-0

[Event "*** SCC Grand Prix: Titled Tuesday Blitz"]
[Site "Chess.com"]
[Date "2020.07.07"]
[Round "10"]
[White "FabianoCaruana"]
[Black "Firouzja2003"]
[Result "1-0"]
[WhiteElo "3021"]
[BlackElo "3102"]
[TimeControl "180+1"]
[EndTime "11:58:40 PDT"]
[Termination "FabianoCaruana won on time"]

1. e4 c6 2. d4 d5 3. exd5 cxd5 4. Bd3 Nc6 5. c3 Nf6 6. h3 g6 7. Nf3 Bf5 8. Be2 Bg7 9. O-O O-O 10. Re1 Nd7 11. Bf4 f6 12. Bh2 Nb6 13. a4 a6 14.
Nbd2 e5 15. a5 Nc8 16. Nb3 e4 17. Nfd2 Kh8 18. Nf1 Be6 19. Nc5 Qe7 20. Qb3 Ra7 21. Ne3 Bg8 22. Nxd5 Qd8 23. c4 f5 24. Bc7 Nxd4 25. Qd1 Qh4 26. Bg3 Qh6 27. Bf4 g5 28. Be3 Nxe2+ 29. Rxe2 f4 30. Bd4 f3 31. Rxe4 fxg2 32.
Ra3 Nd6 33. Re7 Rf7 34. Re6 Qh4 35. Bxg7+ Rxg7 36. Rxd6 Qxc4 37. Rc3 Qh4 38. Nf6 g4 39.
Nxg4 Ra8 40. Rd4 Rf8 41. Rg3 h5 42. Nh2 Qf6 43. Qxh5+ Rh7 44. Qf3 Qxd4 45. Qxf8 Qd1+ 46. Kxg2 Qd5+ 47. Nf3 1-0

[Event "*** SCC Grand Prix: Titled Tuesday Blitz"]
[Site "Chess.com"]
[Date "2020.07.07"]
[Round "10"]
[White "alexsergeyev"]
[Black "RaphCamora"]
[Result "0-1"]
[WhiteElo "2342"]
[BlackElo "2453"]
[TimeControl "180+1"]
[EndTime "11:58:40 PDT"]
[Termination "RaphCamora won on time"]

1. d4 d5 2. c4 e6 3. Nc3 c6 4. Nf3 dxc4 5. e3 b5 6. a4 Bb4 7. Bd2 a5 8. axb5 Bxc3 9. Bxc3 cxb5 10. b3 Bb7 11. bxc4 b4 12. Bb2 Nf6 13. c5 O-O 14.
Bb5 Nc6 15. Qa4 Qd5 16. O-O Rfc8 17. Qa2 Qh5 18. Qc4 Ne7 19. Qe2 Ne4 20. Ra4 Nd5 21.
Rc1 Nec3 22. Bxc3 Nxc3 23. Rxc3 bxc3 24. e4 e5 25. Nxe5 Qxe2 26. Bxe2 Bxe4 27. Rc4 c2 28. f3 a4 29. fxe4 a3 30. Rxc2 a2 31. Rc1 a1=Q 32. Rxa1 Rxa1+ 33. Kf2 f6 34. Bc4+ Kf8 35.
Nd7+ Ke7 36. Nb6 Rb8 37. Ke3 Rxb6 38. cxb6 Rb1 39. d5 Rxb6 40. Kd4 Kd6 41. Be2 Rb2 42. Bf3 Rb4+ 43. Kc3 Ra4 44. h3 Ke5 45. Kd3 Ra2 0-1

[Event "*** SCC Grand Prix: Titled Tuesday Blitz"]
[Site "Chess.com"]
[Date "2020.07.07"]
[Round "10"]
[White "krzyzan94"]
[Black "antoszu"]
[Result "1-0"]
[WhiteElo "2675"]
[BlackElo "2540"]
[TimeControl "180+1"]
[EndTime "11:58:41 PDT"]
[Termination "krzyzan94 won by resignation"]

1. Nf3 d5 2. Ng1 Nf6 3. Nf3 Ng8 4. d4 Nf6 5. Bf4 e6 6. e3 c5 7. Nbd2 Nc6 8. c3 cxd4 9. exd4 Nh5 10. Be5 f6 11. Bg3 g6 12. Bd3 Bg7 13. Nh4 f5 14.
Nhf3 Nxg3 15. hxg3 Qf6 16. Qe2 Bd7 17. Bb5 O-O 18.
Bxc6 Bxc6 19. Ne5 Be8 20. f4 b5 21. Ndf3 a5 22. Nd3 b4 23. Ng5 h6 24. Qxe6+ Kh8 25. Ne5 Qxe6 26. Nxe6 Rf6 27. Nc5 Bb5 28. Kd2 Rc8 29.
a4 Be8 30. cxb4 axb4 31. a5 Bb5 32. Rhc1 Ra8 33. Ncd3 Bf8 34. Rc7 Rfa6 35. Nc5 Bxc5 36.
Rxc5 Bc4 37. Nxc4 dxc4 38. Rxc4 b3 39. Rb4 Rxa5 40. Rxa5 Rxa5 41. Rxb3 Kg7 42. Rb7+ Kf6 43. Kd3 Ra1 44. Rb6+ Kf7 45. Kc4 Rg1 46. Kd5 Rxg2 47. Rb3 g5 48. Ke5 gxf4 49. gxf4 h5 50. Kxf5 h4 51.
Rb7+ Ke8 52. d5 Rd2 53. Rh7 Rxd5+ 54. Ke6 1-0

[Event "*** SCC Grand Prix: Titled Tuesday Blitz"]
[Site "Chess.com"]
[Date "2020.07.07"]
[Round "10"]
[White "Xeniya2005"]
[Black "binbin239"]
[Result "1-0"]
[WhiteElo "2400"]
[BlackElo "2514"]
[TimeControl "180+1"]
[EndTime "11:58:41 PDT"]
[Termination "Xeniya2005 won by checkmate"]

1. e4 c5 2. f4 Nc6 3. Nf3 g6 4. Be2 Bg7 5. O-O e6 6. c3 d5 7. e5 d4 8. Bc4 Nge7 9. a4 O-O 10.
d3 a6 11. Qe2 Rb8 12. Nbd2 b5 13. axb5 axb5 14. Bb3 Nd5 15. Ne4 dxc3 16. bxc3 Nce7 17. Bd2 Qb6 18. Kh1 Bb7 19. Rfb1 Qc7 20. c4 bxc4 21. Bxc4 Nf5 22. Ba5 Qe7 23. Qd2 Bc6 24. g4 Nfe3 25. g5 Nxc4 26. dxc4 Nb4 27. Qe2 Qb7 28. Nfd2 Rfd8 29.
Kg1 Qd7 30. Bxd8 Qd4+ 31. Qf2 Qxd8 32. Nxc5 Bf8 33. Nce4 Nd3 34. Nf6+ Kh8 35. Qh4 h6 36. gxh6 Qd4+ 37. Kf1 Nb2 38. Qf2 Qd3+ 39. Kg1 Rc8 40. Rxb2 Be8 41. Rb3 Bc5 42. Rxd3 Bxf2+ 43. Kxf2 Bc6 44.
Ra6 Bb7 45. Rad6 Ba6 46. Rd8+ Rxd8 47. Rxd8# 1-0